 Dungeon Crawl Stone Soup version 0.30-a0-475-g03497ec522 (webtiles) character file.

Game seed: 3194091166181207785

277 cforsyth the Chiller (level 6, -1/41 HPs)
             Began as a Merfolk Ice Elementalist on Dec 20, 2022.
             Was an Initiate of Qazlal.
             Slain by a gnoll
             ... wielding a +0 spear
             ... led by a gnoll bouda
              (6 damage)
             ... on level 4 of the Dungeon.
             The game lasted 00:09:19 (3883 turns).

cforsyth the Chiller (Merfolk Ice Elementalist)     Turns: 3883, Time: 00:09:19

Health: -1/41      AC:  6    Str:  8    XL:     6   Next: 25%
Magic:  1/11       EV: 14    Int: 16    God:    Qazlal [......]
Gold:   160        SH:  0    Dex: 15    Spells: 8/12 levels left

rFire   . . .      SeeInvis .    a - staff of cold
rCold   + . .      Faith    .    (no shield)
rNeg    . . .      Spirit   .    u - +2 robe {Will+}
rPois   .          Reflect  .    (no helmet)
rElec   .          Harm     .    (no cloak)
rCorr   .          Rampage  .    m - +1 pair of gloves
Will    .....                    (no boots)
Stlth   ++........               (no amulet)
HPRegen 0.26/turn                (no ring)
MPRegen 0.12/turn                (no ring)

@: weak-willed, weakened
A: (nimble swimmer 2), mertail
a: Renounce Religion


You were on level 4 of the Dungeon.
You worshipped Qazlal.
Qazlal was noncommittal.
You visited 1 branch of the dungeon, and saw 4 of its levels.

You collected 160 gold pieces.

Inventory:

Armour
 m - a +1 pair of gloves (worn)
 u - a +2 robe of willpower (worn)
Magical Staves
 a - a staff of cold (weapon)
Scrolls
 d - a scroll of vulnerability
 e - a scroll of torment
 h - a scroll of enchant weapon
 i - 4 scrolls of identify {unknown}
Potions
 b - 2 potions of magic
 c - a potion of might {unknown}
 f - a potion of haste {unknown}
 g - a potion of degeneration {unknown}
 l - 2 potions of brilliance {unknown}
 n - a potion of berserk rage {unknown}
 o - a potion of attraction {unknown}
 q - a potion of resistance {unknown}
 r - a potion of flight {unknown}
 v - a potion of lignification {unknown}


   Skills:
 + Level 5.3 Dodging
 - Level 2.1 Stealth
 + Level 3.7 Spellcasting
 + Level 5.8 Ice Magic


You had 8 spell levels left.
You knew the following spells:

 Your Spells              Type           Power      Damage    Failure   Level
a - Freeze                Ice            100%       1d10      1%          1
b - Frozen Ramparts       Ice            64%        1d10      4%          3

Your spell library contained the following spells:

 Spells                   Type           Power      Damage    Failure   Level
 Ozocubu's Armour         Ice            32%        N/A       4%          3
 Hailstorm                Conj/Ice       18%        3d6       16%         3
 Summon Small Mammal      Summ           8%         N/A       17%         1
 Call Canine Familiar     Summ           2%         N/A       45%         3
 Ignite Poison            Fire/Tmut/Pois 2%         N/A       45%         3
 Kindle Blastsparks       Fire/Tloc/Air  4%         2d10      45%         3
 Summon Guardian Golem    Hex/Summ       2%         N/A       45%         3
 Summon Ice Beast         Ice/Summ       18%        N/A       45%         4
 Freezing Cloud           Conj/Ice/Air   6%         6-21      91%         5


Dungeon Overview and Level Annotations

Branches:
Dungeon (4/15)
 Temple: D:4-7

Altars:
Qazlal
The Shining One

Shops:
D:3 =

Portals:
Abyss: D:4

Annotations:
D:4 2 transporters, DeathPants's ghost, amateur DsBr


Innate Abilities, Weirdness & Mutations

((You are very nimble when in or above water. (Stealth+, EV+, Speed+++)))
Your lower body shifts to a powerful aquatic tail in water.


Message History

Press: ? - help, Shift-Dir - straight line, f/p - gnoll bouda
Aim: a gnoll bouda, wielding a +0 club and wearing a +0 robe (moderately wounded)
You feel a surge of power!
You freeze the gnoll bouda!
The gnoll bouda is almost dead.
The gnoll hits you from afar with a +0 spear.
* * * LOW HITPOINT WARNING * * *
The gnoll bouda gazes fiercely through you!
You feel as though you will be weak longer.
The gnoll bouda hits you but does no damage.
Unknown command.
Casting: Freeze (safe; 1% risk of failure)
Confirm with . or Enter, or press ? or * to list all spells.
Aiming: Freeze (safe; 1% risk of failure)
Press: ? - help, Shift-Dir - straight line, f/p - gnoll bouda
Aim: a gnoll bouda, wielding a +0 club and wearing a +0 robe (almost dead)
You feel a surge of power!
You freeze the gnoll bouda.
You kill the gnoll bouda!
Qazlal accepts your kill.
The gnoll hits you from afar with a +0 spear.
* * * LOW HITPOINT WARNING * * *
Unknown command.
You feel better.
The gnoll hits you from afar with a +0 spear.
* * * LOW HITPOINT WARNING * * *
Unknown command.
The gnoll hits you with a +0 spear.
* * * LOW HITPOINT WARNING * * *
Items here: ))) [ ††.
Casting: Freeze (safe; 1% risk of failure)
Confirm with . or Enter, or press ? or * to list all spells.
Aiming: Freeze (safe; 1% risk of failure)
Press: ? - help, Shift-Dir - straight line, f - gnoll
Aim: a gnoll, wielding a +0 spear (covering ground quickly)
You feel a surge of power!
You freeze the gnoll.
The gnoll is lightly wounded.
The gnoll misses you.
You barely miss the gnoll.
The gnoll is lightly wounded.
The gnoll hits you with a +0 spear.
You die...

...........# ##.#(#.....).#.#....
#....###...###.......#.#.......#.
##..##5#....§.○#...#○....#...#...
.#©.#WK#.....°○..#○§..#....#....#
##..##.##....○☼#.☼§#.....#...#...
#...##..#.....§......#○#.......#.
...##...#.....#.#§#..☼.§..#.#....
©### ..##..##.#g.○.§#...#.....#..
## #...##.##@#....#....#....# ..
....##.#§..§○#...#.....#.. ..
#.§○§○☼#.§☼#...#.#...# ∩©.
#☼§##☼.§.###.#.†...... ### .☼§..
°°§§.# #.###.#.#.# .. .§§. °§§§§#
#.# #.....# °§# .○§..§# ####..#
.. .§§§§§# #<.. .......# ###.


You could see a gnoll (swift).

Vanquished Creatures
  A gnoll bouda (D:4)
  An orc priest (D:4)
  3 orc wizards
  3 gnolls (D:4)
  4 adders (D:2)
  A worm (D:3)
  3 dart slugs (D:2)
  7 orcs
  5 bats
  5 endoplasms
  3 giant cockroaches
  6 goblins
  5 hobgoblins
  5 quokkas
  5 ball pythons
  5 frilled lizards
  6 kobolds
  3 rats
71 creatures vanquished.

Notes
Turn   | Place    | Note
-------+----------+-------------------------------------------
     0 | D:1      | cforsyth the Merfolk Ice Elementalist began the quest for
                  | the Orb.
     0 | D:1      | Reached XP level 1. HP: 13/13 MP: 3/3
   445 | D:1      | Reached XP level 2. HP: 19/19 MP: 1/5
  1068 | D:2      | Reached XP level 3. HP: 13/24 MP: 0/6
  2018 | D:2      | Learned a level 3 spell: Frozen Ramparts
  2074 | D:2      | Reached skill level 5 in Ice Magic
  2074 | D:2      | Reached XP level 4. HP: 30/30 MP: 6/8
  2639 | D:3      | Found Rimiz's Jewellery Shoppe.
  3009 | D:3      | Found a glowing golden altar of the Shining One.
  3027 | D:3      | Found a stormy altar of Qazlal.
  3110 | D:3      | Reached XP level 5. HP: 17/35 MP: 2/9
  3568 | D:3      | Became a worshipper of Qazlal Stormbringer
  3672 | D:4      | Found a transporter.
  3678 | D:4      | Found a one-way gate to the infinite horrors of the Abyss.
  3678 | D:4      | Noticed DeathPants's ghost (amateur DsBr)
  3680 | D:4      | Found a transporter.
  3683 | D:4      | Noticed a small abomination
  3851 | D:4      | Reached skill level 5 in Dodging
  3859 | D:4      | Reached XP level 6. HP: 5/41 MP: 6/11
  3879 | D:4      | HP: 1/41 [gnoll/+0 spear[a gnoll bouda] (2)]
  3883 | D:4      | Slain by a gnoll

Illustrated notes

Levels and vault maps discovered:
D:1:      sevenhm_arrival_forest_fort_large_4, layout_basic, minmay_bisected
D:2:      layout_basic, grunt_ministairs_2
D:3:      layout_loops_ring, mainiacjoe_overflow_big_doors, serial_shops,
          nicolae_shop_trees, chequers_serial_rivers_large_b
D:4:      layout_rooms, gammafunk_ghost_abyssal_escape,
          nicolae_kite_square_tiling_tiny, minmay_manual_mares, uniq_natasha

Skill      XL: |  1  2  3  4  5 |
---------------+----------------+-----
Dodging        | 3 4 5 |  5.3
Ice Magic      | 5 |  5.8
Spellcasting   | 3 |  3.7
Stealth        | |  2.1

Action                   |  1- 3 |  4- 6 || total
-------------------------+-------+-------++-------
Melee: Unarmed           |    10 |     7 ||    17
       Punch             |       |     1 ||     1
       Staff             |       |     6 ||     6
 Cast: Freeze            |    51 |    71 ||   122
  Use: Scroll            |       |     8 ||     8
       Potion            |       |     4 ||     4
 Stab: Sleeping          |     1 |     1 ||     2
Armor: Robe              |    12 |    14 ||    26
Dodge: Dodged            |    35 |    49 ||    84

Table legend: (Time is in decaauts)
 A = Elapsed time spent in this place.
 B = Non-inter-level travel time spent in this place.
 C = Inter-level travel time spent in this place.
 D = Time resting spent in this place.
 E = Time spent auto-exploring this place.
 F = Levels seen in this place.
 G = Mean time per level.
                   A        B        C        D        E       F      G
               +--------+--------+--------+--------+--------+-----+--------+
         Total |   3864 |   3675 |    189 |    686 |   2428 |   4 |  966.0 |
       Dungeon |   3864 |   3675 |    189 |    686 |   2428 |   4 |  966.0 |
               +--------+--------+--------+--------+--------+-----+--------+

Top non-repeatable levels by time:
     D:2: 1451 daAuts
     D:3: 1086 daAuts
     D:1: 1044 daAuts
     D:4: 281 daAuts
